 Dungeon Crawl Stone Soup version 0.30.0-19-g36f170ea60 (webtiles) character file.

Game seed: 5844044648790150721

120 sampeng1 the Trooper (level 4, 0/41 HPs)
             Began as a Draconian Berserker on May 28, 2023.
             Was a Priest of Trog.
             Slain by a gnoll
             ... wielding a +2 halberd of venom
              (12 damage)
             ... on level 3 of the Dungeon.
             The game lasted 00:07:06 (2328 turns).

sampeng1 the Trooper (Draconian Berserker)          Turns: 2328, Time: 00:07:07

Health: 0/41       AC:  5    Str: 21    XL:     4   Next: 75%
Magic:  4/4        EV:  7    Int:  8    God:    Trog [***...]
Gold:   94         SH:  0    Dex: 16    Spells: 3/3 levels left

rFire   . . .        a - +0 hand axe
rCold   . . .        (no shield)
rNeg    . . .        (body armour unavailable)
rPois   .            (helmet restricted)
rElec   .            (no cloak)
rCorr   .            (no gloves)
SInv    .            (no boots)
Will    .....        (no amulet)
Stlth   +            j - +6 ring of dexterity
HPRegen 0.26/turn    c - +4 ring of slaying
MPRegen 0.09/turn

%: no passive effects
@: lethally poisoned (0 -> -18), held
A: AC +5, unfitting armour, cold-blooded, hooves 1, stinger 1
a: Renounce Religion, Berserk, Trog's Hand


You were on level 3 of the Dungeon.
You worshipped Trog.
Trog was most pleased with you.
You visited 1 branch of the dungeon, and saw 3 of its levels.

You collected 94 gold pieces.

Inventory:

Hand Weapons
 a - a +0 hand axe (weapon)
Missiles
 e - 3 boomerangs
 f - 3 poisoned darts (quivered)
Jewellery
 c - a +4 ring of slaying (right hand)
 j - a +6 ring of dexterity (left hand)
Wands
 d - a wand of polymorph (11)
Scrolls
 b - 2 scrolls of identify {unknown}
Potions
 g - a potion of curing
 i - a potion of mutation


   Skills:
 + Level 4.4 Fighting
 + Level 4.0 Axes
 + Level 3.6 Dodging


You had 3 spell levels left.
You didn't know any spells.
Your spell library was empty.

Dungeon Overview and Level Annotations

Branches:
Dungeon (3/15)

Altars:

Annotations:
D:3 1 transporter


Innate Abilities, Weirdness & Mutations

Your plain brown scales are hard. (AC +5)
You cannot fit into any form of body armour.
You are cold-blooded and may be slowed by cold attacks.
You have large cloven feet.
Your tail ends in a venomous barb.


Message History

The hobgoblin shouts!
You completely miss the hobgoblin. You kick the hobgoblin.
You kill the hobgoblin!
Trog accepts your kill.
You see here a hobgoblin corpse.
Found a stone staircase leading down.
There is a stone staircase leading down here.
b - 2 scrolls labelled CYFAS IGGEODIBEASU (gained 1)
A goblin comes into view. It is wielding a +0 club.
A goblin is nearby!
The goblin shouts!
You closely miss the goblin. You kick the goblin.
You kill the goblin!
Trog accepts your kill.
You see here a +0 club.
Found a stone staircase leading up.
Found an escape hatch in the ceiling.
There is an escape hatch in the ceiling here.
There is a stone staircase leading up here.
Partly explored, unvisited transporter.
Partly explored, unvisited transporter.
There is a transporter here.
You enter the transporter and appear at another place.
The gnoll hits you with a +0 spear!
You barely miss the gnoll. The gnoll barely misses you.
You slash the gnoll! You kick the gnoll.
The gnoll is almost dead.
The gnoll closely misses you.
The gnoll zaps a wand.
The puff of flame hits you.
The gnoll throws a throwing net.
The throwing net hits you.
You become entangled in the net!
You tear a large gash into the net.
The gnoll hits you from afar with a +2 halberd of venom!
You are poisoned.
The gnoll hits you from afar with a +1 spear of venom!
You are lethally poisoned!
You struggle against the net.
* * * LOW HITPOINT WARNING * * *
You feel very sick.
The gnoll hits you from afar with a +2 halberd of venom!
You die...

.# #.≈≈≈≈≈≈≈≈≈≈≈...≈≈≈≈≈≈≈≈≈≈≈.#
.####.≈≈≈≈≈≈≈≈≈≈≈...≈≈≈≈≈≈≈≈≈≈≈.#
.))...≈≈#####...........#####≈≈.#
#####.≈≈#.8.#.###.©.###.#.8.#≈≈.#
#.≈≈#...###.#####.###...#≈≈.#
#.≈≈###...............###≈≈.#
#.≈≈.8#g##g###'######.#8.≈≈.#
#####.≈≈.##.#...#..8# #.##.≈≈.#
......~~.#..'..g@.©⌠# .'..#.~~.#
###.#.≈≈.##.#P..#..8# .(#g##.≈≈.#
#...≈≈.8#.##g###'######.#8.≈≈.#
##..≈≈###...............###≈≈.#
##.≈≈#...###.#####©###...#≈≈.#
#.≈≈#.8.#.###.©.###.#.8.#≈≈.#
#.≈≈#####...........#####≈≈.#
#####.≈≈≈≈≈≈≈≈≈≈≈≈~≈≈≈≈≈≈≈≈≈≈≈≈.#
...<..≈≈≈≈≈≈≈≈≈≈≈≈~≈≈≈≈≈≈≈≈≈≈≈≈.#


You could see 3 gnolls.

Vanquished Creatures
  5 adders
  2 dart slugs
  3 orcs (D:3)
  9 ball pythons
  7 endoplasms
  2 giant cockroaches (D:2)
  8 hobgoblins
  2 jackals (D:3)
  6 kobolds
  A quokka (D:1)
  5 bats
  2 frilled lizards
  7 goblins
  7 rats
66 creatures vanquished.

Notes
Turn   | Place    | Note
-------+----------+-------------------------------------------
     0 | D:1      | sampeng1 the Draconian Berserker began the quest for the
                  | Orb.
     0 | D:1      | Reached XP level 1. HP: 19/19 MP: 1/1
    66 | D:1      | Reached XP level 2. HP: 13/26 MP: 2/2
   690 | D:2      | Reached XP level 3. HP: 33/33 MP: 3/3
   704 | D:2      | Reached ** piety under Trog
  1568 | D:2      | Gained mutation: You are vulnerable to cold. (rC-) [potion
                  | of mutation]
  1568 | D:2      | Gained mutation: You have a pair of small antennae on your
                  | head. [potion of mutation]
  1569 | D:2      | Lost mutation: You are vulnerable to cold. (rC-) [potion of
                  | mutation]
  1569 | D:2      | Lost mutation: You have a pair of small antennae on your
                  | head. [potion of mutation]
  1569 | D:2      | Gained mutation: Your tail ends in a venomous barb. [potion
                  | of mutation]
  1569 | D:2      | Gained mutation: You have large cloven feet. [potion of
                  | mutation]
  1584 | D:3      | Reached XP level 4. HP: 40/40 MP: 4/4
  1883 | D:3      | Found a transporter.
  1927 | D:3      | Reached *** piety under Trog
  2018 | D:3      | Found a transporter.
  2328 | D:3      | Slain by a gnoll

Illustrated notes

Levels and vault maps discovered:
D:1:      spicycebolla_arrival_ecumenical, layout_rooms, corexii_corridor_pit
D:2:      layout_loops_ring, minmay_tromino_v4_a
D:3:      layout_loops_ring, gammafunk_ghost_gnarly_gnolls

Skill      XL: |  1  2  3  4 |
---------------+-------------+-----
Dodging        | 3 |  3.6
Fighting       | 4 |  4.4
Axes           | 4 |  4.0

Action                     |  1- 3 |  4- 6 || total
---------------------------+-------+-------++-------
  Melee: Hand axe          |   108 |    37 ||   145
         Tailslap          |    11 |     1 ||    12
         Kick              |       |    11 ||    11
 Invoke: Berserk           |     1 |       ||     1
    Use: Scroll            |     8 |       ||     8
         Potion            |     5 |       ||     5
   Stab: Sleeping          |     6 |     1 ||     7
 Armour: Skin              |    45 |     9 ||    54
  Dodge: Dodged            |    88 |    27 ||   115
